 Dungeon Crawl Stone Soup version 0.21-a0-113-g6841d05 (webtiles) character file.

190 Lianjan the Vexing (level 5, -2/49 HPs)
             Began as an Ogre Arcane Marksman on July 12, 2017.
             Slain by an orc wizard
             ... wielding a +0 dagger
              (6 damage)
             ... on level 3 of the Dungeon.
             The game lasted 00:10:31 (4425 turns).

Lianjan the Vexing (Ogre Arcane Marksman)           Turns: 4425, Time: 00:10:32

Health: -2/49      AC:  3    Str: 14    XL:     5   Next: 69%
Magic:  4/6        EV: 10    Int: 15    God:
Gold:   66         SH:  0    Dex:  9    Spells: 3/6 levels left

rFire    . . .     SeeInvis .   a - +0 hunting sling
rCold    . . .     Gourm    .   (no shield)
rNeg     . . .     Faith    .   o - +0 robe
rPois    .         Spirit   .   (helmet restricted)
rElec    .         Reflect  .   (no cloak)
rCorr    .         Harm     .   (gloves unavailable)
MR       .....                  (boots unavailable)
Stlth    +.........             (no amulet)
HPRegen  0.16/turn              (no ring)
MPRegen  0.10/turn              (no ring)

@: no status effects
A: unfitting armour, tough skin 1
a: no special abilities


You were on level 3 of the Dungeon.
You were hungry.

You visited 1 branch of the dungeon, and saw 3 of its levels.

You collected 66 gold pieces.

Inventory:

Hand Weapons
 a - a +0 hunting sling (weapon)
 b - a +0 club
 e - a +0 short sword
 w - a +0 blowgun
Missiles
 c - 3 large rocks (quivered)
 d - 2 throwing nets
 g - 40 stones
 u - 24 sling bullets
 z - 8 poisoned needles
Armour
 o - a +0 robe (worn)
Scrolls
 j - a scroll of enchant armour {unknown}
 m - a scroll of amnesia {unknown}
 p - a scroll of immolation {unknown}
 r - 2 scrolls of teleportation {unknown}
 t - 4 scrolls of identify {unknown}
 v - a scroll of fear {unknown}
 y - a scroll of random uselessness {unknown}
Potions
 k - 2 potions of agility {unknown}
 l - 3 potions of curing {unknown}
 n - a potion of flight {unknown}
 q - a potion of haste {unknown}
 s - a potion of magic {unknown}
 B - a potion of lignification {unknown}
Books
 h - a book of Debilitation

   Spells                             Type                      Level
   a - Corona                         Hexes                        1
   b - Slow                           Hexes                        2
   c - Inner Flame                    Hexes/Fire                   3
   d - Portal Projectile              Hexes/Translocation          3
   e - Cause Fear                     Hexes                        4
   f - Leda's Liquefaction            Hexes/Earth                  4
Comestibles
 f - 2 bread rations
 i - 2 meat rations
 x - 2 royal jellies
 A - 2 chunks of flesh


   Skills:
 + Level 2.2 Fighting
 * Level 3.1 Maces & Flails
 + Level 2.9 Throwing
 - Level 1.7 Dodging
 - Level 1.2 Spellcasting
 + Level 3.6 Hexes


You had 3 spell levels left.
You knew the following spells:

 Your Spells              Type           Power        Failure   Level  Hunger
a - Corona                Hex            ##.....      5%          1    ##.....
b - Slow                  Hex            ##......     8%          2    ###....


Dungeon Overview and Level Annotations

Branches:
Dungeon (3/15)

Altars:
Elyvilon
Ru


Innate Abilities, Weirdness & Mutations

You are too large for most types of armour.
You have tough skin. (AC +1)


Message History

Press: ? - help, Shift-Dir - straight line, f - orc wizard
Aim: an orc wizard, wielding a dagger and wearing a robe You shoot a sling bullet.
The sling bullet hits the orc wizard.
The orc wizard is moderately wounded.
The orc wizard barely misses you.
Firing (i - inventory. (,) - cycle):
u - 25 sling bullets (quivered)
Press: ? - help, Shift-Dir - straight line, f/p - orc wizard
Aim: an orc wizard, wielding a dagger and wearing a robe (moderately wounded)
You shoot a sling bullet. The sling bullet hits the orc wizard.
The orc wizard is severely wounded.
The orc wizard casts a spell at you. The magic dart hits you!
* * * LOW HITPOINT WARNING * * *
Throwing (i - inventory. (,) - cycle):
c - 4 large rocks (quivered)
Press: ? - help, Shift-Dir - straight line, f/p - orc wizard
Aim: an orc wizard, wielding a dagger and wearing a robe (severely wounded)
You throw a large rock. The large rock hits the orc wizard.
The orc wizard is almost dead.
The orc wizard hits you with a dagger.
You die...

..# #......#........
..#
#......#....#.#.###
###
#......#...........
####...#....#.##.#
#(.........##.#
#)#.#....####.#
#(###..#.# #.#
#(().....# #.#
#########@o.#.# #.#
#...........#.####.###
##.#####....#.#......#
#.#####....#.#.##.#.#
#........<.#.#(##.#.#
#######..###)#....#.#
#...............#.#
#.########.#.####.# #
...#.# #.#


You could see an orc wizard.

Vanquished Creatures
  An orc priest (D:3)
  Natasha (D:2)
  5 adders
  2 worms (D:2)
  4 dart slugs
  A leopard gecko (D:1)
  5 orcs (D:3)
  A ball python (D:2)
  10 bats
  2 giant cockroaches
  5 hobgoblins
  5 jackals
  11 kobolds
  A quokka (D:3)
  3 frilled lizards
  7 goblins
  8 rats
72 creatures vanquished.

Notes
Turn   | Place    | Note
-------+----------+-------------------------------------------
     0 | D:1      | Lianjan the Ogre Arcane Marksman began the quest for the Orb.
     0 | D:1      | Reached XP level 1. HP: 19/19 MP: 2/2
   293 | D:1      | Reached XP level 2. HP: 12/27 MP: 1/3
   551 | D:1      | Reached skill level 1 in Maces & Flails
  1677 | D:1      | Reached XP level 3. HP: 31/33 MP: 2/4
  1685 | D:1      | Learned a level 2 spell: Slow
  1911 | D:2      | You fall through a shaft!
  2284 | D:2      | Found a white marble altar of Elyvilon.
  2294 | D:2      | Found a sacrificial altar of Ru.
  2352 | D:2      | Reached XP level 4. HP: 16/41 MP: 2/5
  3148 | D:2      | Noticed Natasha
  3164 | D:2      | Killed Natasha
  3629 | D:3      | Reached XP level 5. HP: 43/49 MP: 4/6
  4425 | D:3      | Slain by an orc wizard

Vault maps used:
D:1:      evilmike_arrival_sounds_zot
D:2:      kennysheep_big_flooded_room, minitemple, first_bread,
          columned_hall_lemuel, uniq_natasha
D:3:      minmay_joined_circles, uniq_grinder

Skill      XL: |  1  2  3  4  5 |
---------------+----------------+-----
Maces & Flails | 1 2 3 |  3.1
Hexes          | 3 |  3.6
Fighting       | 2 |  2.2
Throwing       | |  2.9
Dodging        | |  1.7
Spellcasting   | |  1.2

Action                   |  1- 3 |  4- 6 || total
-------------------------+-------+-------++-------
Melee: Club              |    32 |    29 ||    61
       Unarmed           |    12 |       ||    12
 Fire: Hunting sling     |    90 |   102 ||   192
       Blowgun           |       |     9 ||     9
Throw: Large rock        |     6 |     1 ||     7
       Stone             |    22 |       ||    22
 Cast: Corona            |    32 |    16 ||    48
       Slow              |       |     3 ||     3
  Eat: Chunk             |     5 |     7 ||    12
Armor: Robe              |    39 |    20 ||    59
Dodge: Dodged            |    60 |    57 ||   117
